 Dungeon Crawl Stone Soup version 0.31-a0-1178-gc5c9b8f871 (webtiles) character file.

Game seed: 6393832134603193841

60421 MackTheKnife the Warrior (level 14, -6/88 (98) HPs)
             Began as a Tengu Artificer on Dec 11, 2023.
             Was a Believer of Uskayaw.
             Mangled by an ogre
             ... wielding a +0 giant club
              (13 damage)
             ... while paralysed by an orc sorcerer
             ... on level 1 of the Orcish Mines.
             The game lasted 00:26:14 (17756 turns).

MackTheKnife the Warrior (Tengu Artificer)         Turns: 17756, Time: 00:26:15

HP:   -6/88 (98)    AC: 15    Str: 13      XL:     14   Next: 99%
MP:   19/19         EV:  2    Int:  6 (7)  God:    Uskayaw [**....]
Gold: 1262          SH:  0    Dex: 27      Spells: 13/13 levels left

rFire   + + .        w - +3 dagger (drain) {short}
rCold   + . .        b - +0 kite shield
rNeg    . . .        M - +2 leather armour {rC+}
rPois   +            j - +2 hat
rElec   .            h - +2 cloak {rCorr}
rCorr   +            m - +2 pair of gloves
SInv    .            (boots unavailable)
Will    +....        R - amulet of faith {!P}
Stlth   +++++        N - ring "Zagyc" {Fly rF++ Int-5 Dex+6, =R}
HPRegen 0.34/turn    L - ring of poison resistance
MPRegen 0.16/turn

%: acrobat, faith
@: paralysed, flying, studying Shapeshifting, heavily drained
A: beak, talons 3, evasive flight, acrobatic, iridescent scales 1, thin skeletal
structure 1, deterioration 1, wild magic 1
a: Renounce Religion, Stomp, Line Pass


You were on level 1 of the Orcish Mines.
You worshipped Uskayaw.
Uskayaw was noncommittal.
You visited 4 branches of the dungeon, and saw 19 of its levels.

You collected 1559 gold pieces.
You spent 297 gold pieces at shops.


Innate Abilities, Weirdness & Mutations

You have a beak for a mouth.
You have claws for feet.
Your magical flight helps you evade attacks. (EV +4)
You can magically evade attacks while moving or waiting.
You are partially covered in iridescent scales. (AC +2)
You have a somewhat thin skeletal structure. (Dex +2, Stealth+)
Your body sometimes deteriorates upon taking damage.
Your spells are a little harder to cast, but a little more powerful.


   Skills:
 - Level 15.0 Fighting
 + Level 10.0 Short Blades
 - Level 2.1 Armour
 - Level 10.0 Dodging
 - Level 6.0 Stealth
 - Level 15.0 Shields
 - Level 6.0 Invocations
 - Level 3.0 Evocations


You had 13 spell levels left.
You didn't know any spells.
Your spell library contained the following spells:

 Spells                   Type           Power      Damage    Failure   Level
 Slow                     Hex            0%         N/A       82%         1
 Summon Small Mammal      Summ           0%         N/A       82%         1
 Call Canine Familiar     Summ           0%         N/A       99%         3
 Confusing Touch          Hex            0%         N/A       99%         3
 Dazzling Flash           Conj/Hex       0%         N/A       99%         3
 Inner Flame              Hex/Fire       0%         N/A       99%         3
 Sigil of Binding         Hex            0%         N/A       99%         3
 Summon Guardian Golem    Hex/Summ       0%         N/A       99%         3
 Tukima's Dance           Hex            0%         N/A       99%         3
 Vampiric Draining        Necr           0%         2d6       99%         3
 Volatile Blastmotes      Fire/Tloc      0%         2d10      99%         3
 Brom's Barrelling Bould  Conj/Erth      0%         2d3       100%        4
 Dimensional Bullseye     Hex/Tloc       0%         N/A       100%        4
 Leda's Liquefaction      Hex/Erth       0%         N/A       100%        4
 Passage of Golubria      Tloc           0%         N/A       100%        4
 Fireball                 Conj/Fire      0%         3d3       100%        5
 Iskenderun's Battlesphe  Conj           0%         2d6       100%        5
 Yara's Violent Unravell  Hex/Tmut       0%         3d3       100%        5
 Conjure Ball Lightning   Conj/Air       0%         3x3d6     100%        6
 Starburst                Conj/Fire      0%         6d3       100%        6
 Orb of Destruction       Conj           0%         9d5       100%        7
 Maxwell's Capacitive Co  Air            0%         ∞         100%        8

Inventory:

Hand Weapons
 w - a +3 dagger of draining (weapon) {short}
   (You took it off a goblin on level 3 of the Dungeon)
 y - a +1 dagger of flaming {short}
   (You took it off an orc on level 5 of the Dungeon)
 Q - the +3 falchion of Lust {flame, Int+3, long}
   (You found it on level 4 of the Lair of Beasts)

   Int+3:     It affects your intelligence (+3).
 S - a +0 rapier of holy wrath {short}
   (You found it on level 5 of the Lair of Beasts)
Missiles
 a - 2 throwing nets {=f!fthrowing}
 i - 15 poisoned darts (quivered) {throwing}
 G - 2 curare-tipped darts {=fthrowing}
Armour
 b - a +0 kite shield (worn)
   (You took it off a gnoll sergeant on level 10 of the Dungeon)
 h - a +2 cloak of preservation (worn)
   (You found it on level 9 of the Dungeon)
 j - a +2 hat (worn)
   (You found it on level 11 of the Dungeon)
 m - a +2 pair of gloves (worn)
   (You found it on level 1 of the Dungeon)
 M - a +2 leather armour of cold resistance (worn)
   (You found it on level 2 of the Lair of Beasts)
Jewellery
 q - a ring of protection from cold
   (You found it on level 5 of the Dungeon)
 C - a ring of protection from cold
   (You found it on level 6 of the Dungeon)
 L - a ring of poison resistance (right hand)
   (You found it on level 2 of the Lair of Beasts)
 N - the ring "Zagyc" (left hand) {Fly rF++ Int-5 Dex+6, =R}
   (You found it on level 2 of the Lair of Beasts)

   [ring of dexterity]

   Int-5:     It affects your intelligence (-5).
   Dex+6:     It affects your dexterity (+6).
   rF++:      It greatly protects you from fire.
   Fly:       It grants you flight.
 R - an amulet of faith (around neck) {!P}
   (You found it on level 4 of the Lair of Beasts)
 T - a ring of positive energy
   (You found it on level 5 of the Lair of Beasts)
Wands
 c - a wand of flame (44)
 d - a wand of charming (18)
 e - a wand of iceblast (6)
 K - a wand of light (13)
   (You found it on level 2 of the Lair of Beasts)
Scrolls
 g - 7 scrolls of teleportation {@r4}
 l - 2 scrolls of immolation {!r!r}
 u - a scroll of silence {!r}
 x - a scroll of poison {!r}
 A - 4 scrolls of fog
 D - a scroll of revelation
 E - a scroll of fear
 F - a scroll of enchant weapon
 H - a scroll of vulnerability {!r!r}
 I - 3 scrolls of blinking {!r}
 P - a scroll of brand weapon
Potions
 f - 6 potions of brilliance
 k - 3 potions of resistance
 n - 4 potions of magic
 o - a potion of berserk rage {!q}
 p - a potion of invisibility
 r - 3 potions of heal wounds {@q2}
 s - 6 potions of lignification {!q}
 t - 3 potions of haste {@q3}
 v - 2 potions of curing {@q1}
 z - 3 potions of enlightenment
 B - a potion of mutation {!q}
 J - a potion of cancellation
Miscellaneous
 O - a lightning rod (4/4)
   (You found it on level 2 of the Lair of Beasts)

Dungeon Overview and Level Annotations

Branches:
Dungeon (11/15) Zot: 26202  Temple (1/1) D:4 Zot: 5950    Lair (5/5) D:11 Zot: 24462
  Swamp (0/4) Lair:2        Snake (0/4) Lair:2        Slime (0/5) Lair:5
    Orc (2/2) D:10 Zot: 10904
    Elf: Orc:2

Altars:
Ashenzari
Cheibriados
Dithmenos
Elyvilon
Fedhas
Gozag
Hepliaklqana
Kikubaaqudgha
Makhleb
Nemelex Xobeh
Okawaru
Qazlal
Ru
Sif Muna
Trog
Uskayaw
Vehumet
Wu Jian
Xom
Yredelemnul
Zin
The Shining One
Jiyva

Shops:
D:5 ***   D:7 *   D:10 *   Orc:1 *

Annotations:
D:6 2 runed translucent doors, TobyConnect's ghost, novice TeAE
D:9 1 transporter
Lair:4 exclusion: ice statue
Lair:5 exclusion: 3 oklob plants

#....##....#))...#.#...)..).
###....#.............#.##....
##.#...#........#......##.....
#.............#.......##)#.#..
##....................#.))....
##....#.................).....#
##.....................).......#
#.............O.o......)....#..#
##.#...........@[...........#...
##.............##...........#.#
#....#..........#......##....##
##..#.......................##
#####.##.#...................##
#.##...#...........≈≈≈....####
......#............≈∩≈.....###
#.#...##...........≈.≈.......##
####.####.##..................#


You could see an orc sorcerer (drained) and an ogre.


Message History

Unknown command.
The orc warrior is no longer sharing its pain.
The ogre is no longer sharing its pain.
The orc warrior attacks as it pursues you!
You block the orc warrior's attack.
The rust devil attacks as it pursues you!
You block the rust devil's attack.
Unknown command.
The orc sorcerer mumbles some strange words.
The rust devil attacks as it pursues you!
The rust devil misses you.
Unknown command.
The orc sorcerer casts a spell at you.
The bolt of negative energy hits the rust devil.
The rust devil completely resists.
The bolt of negative energy misses you.
The rust devil attacks as it pursues you!
The rust devil hits you.
The orc shouts!
You hear a shout! 😮 HP[+1]
The orc warrior attacks as it pursues you!
You block the orc warrior's attack.
Unknown command.
The orc high priest mumbles some strange prayers to Beogh.
The orc warrior attacks as it pursues you!
The orc warrior completely misses you.
The rust devil attacks as it pursues you!
The rust devil completely misses you.
You can no longer merge with and destroy a victim.
Uskayaw links your audience in an emotional bond!
There is a stone staircase leading up here. 😮 HP[+1]
The orc warrior hits you with a +0 dire flail.
The rust devil misses you.
The ynoxinul gestures.
You fly upwards.
There is a stone staircase leading down here. 😮 HP[-3]
You take 3 damage, and now have 59/94 hp.
Unknown command.
You hit the orc warrior but do no damage.
Uskayaw will no longer force your foes to share their pain. 😮 HP[+1]
You hit the orc warrior but do no damage.
You drain the orc warrior.
You kill the orc warrior!
You start resting. 😎 HP[+34]
Your hp is fully restored (94).
You start waiting.
Done waiting.
You fly downwards.
The ogre completely misses you.
The orc warrior throws a boomerang.
You block the boomerang.
There is a stone staircase leading up here.
Unknown command.
You hit the orc sorcerer but do no damage.
You claw the orc sorcerer, but do no damage.
You peck the orc sorcerer, but do no damage.
The orc sorcerer is no longer sharing its pain.
The ogre misses you. You block the orc sorcerer's attack.
You fly upwards.
There is a stone staircase leading down here.
Unknown command.
You barely miss the orc sorcerer. You claw the orc sorcerer.
The ogre is no longer sharing its pain.
The ogre barely misses you.
The orc sorcerer points at you and mumbles some strange words.
You resist with some effort.
You hit the orc sorcerer but do no damage.
Your kick misses the orc sorcerer. You closely miss the orc sorcerer.
You claw the orc sorcerer.
You peck the orc sorcerer, but do no damage.
The orc sorcerer barely misses you. You block the ogre's attack.
You hit the orc sorcerer.
You claw the orc sorcerer, but do no damage.
You peck the orc sorcerer, but do no damage.
You hit the orc sorcerer. You drain the orc sorcerer.
You claw the orc sorcerer, but do no damage.
The orc sorcerer misses you.
You can now pass through a line of other dancers.
You hit the orc sorcerer. Your peck misses the orc sorcerer.
The ogre hits you with a +0 giant club.
The orc sorcerer points at you and mumbles some strange words.
The bolt of fire hits you. You resist. 😕 HP[-9]
You take 9 damage, and now have 85/94 hp.
You hit the orc sorcerer but do no damage.
You drain the orc sorcerer. Your kick misses the orc sorcerer.
You hit the orc sorcerer but do no damage.
Your kick misses the orc sorcerer.
The orc sorcerer gestures at you while chanting.
You suddenly lose the ability to move!
The ogre hits you with a +0 giant club!
The orc sorcerer hits you with a +0 dagger.
The ogre hits you with a +0 giant club!!
The orc sorcerer hits you with a +0 dagger.
The orc sorcerer gestures at you while chanting.
The bolt of negative energy hits you!!!
You feel drained.
* * * LOW HITPOINT WARNING * * *
The ogre hits you with a +0 giant club!
You die...

Skill      XL: |  1  2  3  4  5  6  7  8  9 10 11 12 13 14 |
---------------+-------------------------------------------+-----
Fighting       | 2 3 4 6 7 10 12 13 15 | 15.0
Stealth        | 2 4 6 |  6.0
Short Blades   | 2 4 6 9 10 | 10.0
Dodging        | 3 4 8 9 10 | 10.0
Invocations    | 4 6 |  6.0
Shields        | 3 9 13 15 | 15.0
Armour         | |  2.1
Evocations     | |  3.0

Action                     |  1- 3 |  4- 6 |  7- 9 | 10-12 | 13-15 || total
---------------------------+-------+-------+-------+-------+-------++-------
  Melee: Dagger            |    74 |    79 |   299 |   538 |   887 ||  1877
         Peck              |    11 |    12 |    54 |   149 |   271 ||   497
         Kick              |    22 |    20 |   118 |   242 |   412 ||   814
         Punch             |       |       |     6 |    12 |     2 ||    20
  Throw: Dart              |       |     9 |       |    28 |       ||    37
         Throwing net      |       |     2 |       |       |       ||     2
 Invoke: Line Pass         |       |       |     1 |     3 |       ||     4
         Stomp             |       |       |       |       |     2 ||     2
  Evoke: Wand              |    11 |     1 |     4 |    13 |     5 ||    34
    Use: Scroll            |       |     7 |     5 |     8 |    11 ||    31
         Potion            |       |     1 |     2 |     2 |       ||     5
   Stab: Sleeping          |     4 |     2 |     4 |    10 |    14 ||    34
         Paralysed         |       |     1 |     7 |    27 |    65 ||   100
         Distracted        |       |       |     1 |     3 |     2 ||     6
         Betrayed ally     |       |       |     1 |       |     1 ||     2
 Armour: Leather armour    |    25 |    30 |    90 |     5 |   179 ||   329
         Troll leather arm |       |       |       |   148 |     7 ||   155
  Dodge: Dodged            |    41 |    39 |   159 |   416 |   387 ||  1042
  Block: Kite shield       |       |       |       |       |   435 ||   435

Levels and vault maps discovered:
D:1:      dpeg_chamrin_arrival_tetris, layout_basic
D:2:      layout_basic, basic_altar
D:3:      layout_loops_ring, mainiacjoe_overflow_alcove_1,
          ebering_ecumenical_altar_petrified
D:4:      nicolae_cairo_tiling, layout_basic,
          minmay_temple_entry_statues_fountains
D:5:      layout_loops_ring, overflow_temple_1_default,
          nicolae_overflow_hidden_temple, nicolae_shop_distant_corner_stores,
          kennysheep_boxes
D:6:      layout_gridville, trog_antimagical, ebering_ghost_disaster_area
D:7:      layout_layer_cave, st_stairs_13, nicolae_inconvenience_store,
          uniq_menkaure
D:8:      layout_loops_ring, uniq_prince_ribbit1
D:9:      layout_irregular_city, nicolae_diode_basic
D:10:     layout_small_grid, nicolae_ashenzari_panopticon, erik_orc_3,
          nicolae_stop_n_shop_1, lemuel_flamethrower_2
D:11:     layout_basic, hellmonk_lair_entry_icy, fedhas_ov_isle_minmay
Temple:   hellmonk_temple_of_storms
Lair:1:   hellmonk_ruined_rings, layout_gridlike
Lair:2:   nzn_winding_woodlands_large [nzn_winding_woodlands_5x5_three,
          nzn_winding_woodlands_5x15_jagged, nzn_winding_woodlands_hourglass,
          nzn_winding_woodlands_center_diamonds,
          nzn_winding_woodlands_15x15_eel_pit,
          nzn_winding_woodlands_center_lodge, nzn_winding_woodlands_5x5_cross,
          nzn_winding_woodlands_5x15_lazy_stream,
          nzn_winding_woodlands_5x5_default], layout_long_grid,
          palyth_hydra_swamp_entry, nicolae_snake_entry_warm_welcome,
          hangedman_lair_generics_rect
Lair:3:   layout_regular_city, uniq_nergalle, uniq_fannar
Lair:4:   layout_long_grid, ice2_lemuel
Lair:5:   grunt_lair_end_beastmaster, layout_misc_corridors, slime_entry_1,
          nicolae_quartered_pool_impasse, dpeg_oklob_1,
          infiniplex_staircase_pool
Orc:1:    dreamdust_under_siege, layout_caves, serial_shops,
          nicolae_shop_tiny_waterfront
Orc:2:    st_orc_pillars, layout_diamond_mine, gammafunk_ghost_fury_of_okawaru,
          nicolae_shop_vocational, uniq_donald, uniq_saint_roka

Notes
Turn   | Place    | Note
-------+----------+-------------------------------------------
     0 | D:1      | MackTheKnife the Tengu Artificer began the quest for the
                  | Orb.
     0 | D:1      | Reached XP level 1. HP: 12/12 MP: 2/2
     0 | D:1      | magus.rc [v1.9.6]
   235 | D:1      | Reached XP level 2. HP: 13/17 MP: 3/3
   514 | D:1      | Reached skill level 2 in Fighting
   532 | D:1      | Reached XP level 3. HP: 22/22 MP: 4/4
   575 | D:1      | Reached skill level 2 in Stealth
   901 | D:2      | You pick up a book of Spectacle and begin reading...
   901 | D:2      | You add the spells Volatile Blastmotes, Dazzling Flash,
                  | Starburst and Maxwell's Capacitive Coupling to your
                  | library.
   979 | D:2      | Reached skill level 3 in Fighting
  1125 | D:2      | Found a glowing silver altar of Zin.
  1405 | D:3      | Found a faded altar of an unknown god.
  1455 | D:3      | Reached XP level 4. HP: 28/28 MP: 5/5
  1951 | D:3      | Found a hazy altar of Hepliaklqana.
  2129 | D:4      | Noticed an ogre
  2138 | D:4      | Killed an ogre
  2139 | D:4      | Reached skill level 4 in Fighting
  2139 | D:4      | Reached skill level 2 in Short Blades
  2139 | D:4      | Reached XP level 5. HP: 22/33 MP: 6/6
  2186 | D:4      | Reached skill level 3 in Short Blades
  2338 | D:4      | Found a staircase to the Ecumenical Temple.
  2349 | Temple   | Entered the Ecumenical Temple
  2374 | Temple   | Became a worshipper of Uskayaw the Reveller
  2754 | D:4      | Reached * piety under Uskayaw
  3002 | D:5      | Entered Level 5 of the Dungeon
  3063 | D:5      | Reached ** piety under Uskayaw
  3069 | D:5      | Reached skill level 4 in Short Blades
  3069 | D:5      | Reached XP level 6. HP: 38/38 MP: 7/7
  3129 | D:5      | Found a burning altar of Makhleb.
  3142 | D:5      | Noticed a black bear
  3152 | D:5      | Killed a black bear
  3153 | D:5      | Reached skill level 5 in Short Blades
  3282 | D:5      | Reached *** piety under Uskayaw
  3284 | D:5      | Reached skill level 6 in Short Blades
  3284 | D:5      | Gained mutation: Your magical flight helps you evade
                  | attacks. (EV +4) [Tengu growth]
  3284 | D:5      | Reached XP level 7. HP: 19/43 MP: 8/8
  3525 | D:5      | Reached skill level 2 in Dodging
  3610 | D:5      | Found Onabompe's General Store.
  3610 | D:5      | Found Piteasch's Assorted Antiques.
  3611 | D:5      | Found Weffast's General Store.
  3807 | D:5      | Bought a potion of curing for 42 gold pieces
  3909 | D:5      | Found an iron altar of Okawaru.
  3949 | D:5      | Reached skill level 3 in Dodging
  4068 | D:5      | Reached XP level 8. HP: 42/48 MP: 9/9
  4077 | D:5      | Reached skill level 5 in Fighting
  4391 | D:5      | Found a snail-covered altar of Cheibriados.
  4391 | D:5      | Found an ancient bone altar of Kikubaaqudgha.
  4471 | D:6      | Reached skill level 7 in Short Blades
  4475 | D:6      | Reached skill level 4 in Dodging
  4628 | D:6      | Found a large runed translucent door.
  4629 | D:6      | Found a large runed translucent door.
  4632 | D:6      | Noticed TobyConnect's ghost (novice TeAE)
  4842 | D:5      | Bought a scroll of identify for 48 gold pieces
  4842 | D:5      | Bought a scroll labelled RETYSAE JIDEWN for 24 gold pieces
  4842 | D:5      | Bought a scroll labelled HEDO BYMENYM for 24 gold pieces
  4845 | D:5      | Bought a lumpy silvery potion for 21 gold pieces
  4845 | D:5      | Bought a puce potion for 21 gold pieces
  4845 | D:5      | Gained mutation: You have a somewhat thin skeletal
                  | structure. (Dex +2, Stealth+) [potion of mutation]
  4845 | D:5      | Gained mutation: Your body sometimes deteriorates upon
                  | taking damage. [potion of mutation]
  4845 | D:5      | Gained mutation: Your spells are a little harder to cast,
                  | but a little more powerful. [potion of mutation]
  4845 | D:5      | Gained mutation: You are partially covered in iridescent
                  | scales. (AC +2) [potion of mutation]
  4959 | D:6      | Reached skill level 6 in Fighting
  4982 | D:6      | Found a bloodstained altar of Trog.
  4990 | D:6      | Reached skill level 8 in Short Blades
  4997 | D:6      | Reached **** piety under Uskayaw
  5175 | D:6      | Reached skill level 9 in Short Blades
  5388 | D:7      | Reached XP level 9. HP: 40/55 MP: 10/10
  5647 | D:7      | You pick up a book of Debilitation and begin reading...
  5647 | D:7      | You add the spells Slow, Sigil of Binding, Vampiric
                  | Draining and Confusing Touch to your library.
  5689 | D:7      | Noticed Menkaure
  5711 | D:7      | Killed Menkaure
  5712 | D:7      | Reached skill level 10 in Short Blades
  5941 | D:7      | Reached skill level 5 in Dodging
  6241 | D:7      | Noticed a hornet
  6552 | D:7      | Reached skill level 6 in Dodging
  6596 | D:7      | Found Bivop's Assorted Antiques.
  7076 | D:8      | Reached skill level 7 in Dodging
  7338 | D:8      | Noticed Prince Ribbit
  7343 | D:8      | Killed Prince Ribbit
  7579 | D:9      | Reached skill level 8 in Dodging
  7593 | D:9      | Reached skill level 3 in Stealth
  7638 | D:9      | Noticed a two-headed ogre
  7647 | D:9      | HP: 13/55 [two-headed ogre/+0 giant club (7)]
  7817 | D:9      | Noticed a troll
  7947 | D:9      | Found a transporter.
  8109 | D:8      | Reached skill level 4 in Stealth
  8157 | D:9      | Reached XP level 10. HP: 60/60 MP: 11/11
  8221 | D:9      | Reached skill level 5 in Stealth
  8427 | D:9      | Reached skill level 6 in Stealth
  8505 | D:9      | Reached skill level 1 in Invocations
  8662 | D:9      | Killed a two-headed ogre
  8663 | D:9      | Reached skill level 2 in Invocations
  8787 | D:10     | Entered Level 10 of the Dungeon
  8815 | D:10     | Reached ***** piety under Uskayaw
  8818 | D:10     | Reached skill level 7 in Fighting
  8818 | D:10     | Reached skill level 3 in Invocations
  8855 | D:10     | Reached skill level 9 in Dodging
  8995 | D:10     | You pick up a book of the Spheres and begin reading...
  8995 | D:10     | You add the spells Brom's Barrelling Boulder, Iskenderun's
                  | Battlesphere, Fireball, Conjure Ball Lightning and Orb of
                  | Destruction to your library.
  9014 | D:10     | Noticed a kobold demonologist
  9016 | D:10     | Noticed a kobold demonologist
  9024 | D:10     | Killed a kobold demonologist
  9035 | D:10     | Killed a kobold demonologist
  9039 | D:10     | Reached ****** piety under Uskayaw
  9081 | D:10     | Found a broken altar of Ashenzari.
  9172 | D:10     | Found Cataintay's Assorted Antiques.
  9180 | D:10     | Bought a scroll labelled QOEJAE GESUU for 20 gold pieces
  9311 | D:10     | Reached skill level 4 in Invocations
  9311 | D:10     | Reached XP level 11. HP: 68/68 MP: 13/15
  9382 | D:10     | Noticed a cyclops
  9420 | D:10     | Killed a cyclops
  9421 | D:10     | Reached skill level 8 in Fighting
  9473 | D:10     | Found a staircase to the Orcish Mines.
  9621 | D:10     | Noticed a seven-headed hydra
  9635 | D:10     | Killed a seven-headed hydra
  9636 | D:10     | Reached skill level 10 in Dodging
  9695 | D:10     | Reached skill level 5 in Invocations
  9836 | D:11     | Noticed a boulder beetle
  9852 | D:11     | Killed a boulder beetle
  9861 | D:11     | Found a blossoming altar of Fedhas.
  9953 | D:11     | Reached skill level 9 in Fighting
 10016 | D:11     | Reached skill level 6 in Invocations
 10040 | D:11     | Found a staircase to the Lair.
 10056 | D:11     | Reached skill level 10 in Fighting
 10064 | D:11     | You pick up a book of Callings and begin reading...
 10064 | D:11     | You add the spells Summon Small Mammal, Call Canine
                  | Familiar and Summon Guardian Golem to your library.
 10104 | D:11     | Reached skill level 1 in Shields
 10417 | D:11     | Noticed a boulder beetle
 10430 | D:11     | Killed a boulder beetle
 10431 | D:11     | Reached skill level 2 in Shields
 10530 | D:11     | Noticed a boulder beetle
 10531 | D:11     | Noticed a cyclops
 10551 | D:11     | Killed a boulder beetle
 10552 | D:11     | Reached skill level 3 in Shields
 10552 | D:11     | Reached XP level 12. HP: 74/78 MP: 17/17
 10624 | Lair:1   | Entered Level 1 of the Lair of Beasts
 10689 | Lair:1   | Reached skill level 4 in Shields
 10692 | Lair:1   | You add the spells Tukima's Dance, Passage of Golubria and
                  | Yara's Violent Unravelling to your library.
 10754 | Lair:1   | Reached skill level 11 in Fighting
 11679 | Lair:2   | Noticed a five-headed hydra
 11688 | Lair:2   | Killed a five-headed hydra
 11689 | Lair:2   | Reached skill level 5 in Shields
 11703 | Lair:2   | magus.rc [v1.9.6]
 11855 | Lair:2   | Noticed a boulder beetle
 11857 | Lair:2   | Noticed a skyshark
 11861 | Lair:2   | Noticed a seven-headed hydra
 11864 | Lair:2   | Killed a boulder beetle
 11865 | Lair:2   | Reached skill level 6 in Shields
 11871 | Lair:2   | Killed a skyshark
 11878 | Lair:2   | Killed a seven-headed hydra
 11879 | Lair:2   | Reached skill level 12 in Fighting
 11905 | Lair:2   | Reached skill level 7 in Shields
 12108 | Lair:2   | Identified the ring "Zagyc" {Fly rF++ Int-5 Dex+6}
 12119 | Lair:2   | Noticed a five-headed hydra
 12126 | Lair:2   | Noticed a death yak
 12128 | Lair:2   | Killed a five-headed hydra
 12129 | Lair:2   | Reached skill level 8 in Shields
 12130 | Lair:2   | Killed a death yak
 12210 | Lair:2   | Noticed an eight-headed hydra
 12214 | Lair:2   | Killed an eight-headed hydra
 12215 | Lair:2   | Reached skill level 9 in Shields
 12240 | Lair:2   | Reached XP level 13. HP: 77/86 MP: 18/18
 12344 | Lair:2   | Found a staircase to the Snake Pit.
 12563 | Lair:2   | Reached skill level 10 in Shields
 12874 | Lair:2   | Reached skill level 11 in Shields
 13057 | Lair:2   | Found a staircase to the Swamp.
 13722 | Lair:3   | Noticed Nergalle
 13747 | Lair:3   | Killed Nergalle
 13748 | Lair:3   | Reached skill level 12 in Shields
 13837 | Lair:3   | Noticed Fannar
 13871 | Lair:3   | Killed Fannar
 14468 | Lair:4   | Noticed an ice dragon
 14534 | Lair:4   | Identified the +3 falchion of Lust {flame, Int+3}
 14570 | Lair:4   | Killed an ice dragon
 14774 | Lair:4   | You pick up a book of the Hunter and begin reading...
 14774 | Lair:4   | You add the spells Dimensional Bullseye and Leda's
                  | Liquefaction to your library.
 15072 | Lair:5   | Entered Level 5 of the Lair of Beasts
 15072 | Lair:5   | Found a viscous altar of Jiyva.
 15072 | Lair:5   | Found a staircase to the Slime Pits.
 15082 | Lair:5   | Reached skill level 13 in Shields
 15083 | Lair:5   | Reached skill level 13 in Fighting
 15083 | Lair:5   | Reached XP level 14. HP: 94/94 MP: 19/19
 15747 | Lair:5   | Reached skill level 14 in Fighting
 15747 | Lair:5   | Reached skill level 14 in Shields
 15840 | Lair:5   | Got the Anthology of the Salamander
 16306 | Lair:5   | Noticed a dire elephant
 16319 | Lair:5   | Killed a dire elephant
 16407 | Lair:5   | Identified the +1 robe of Pantheism {Str+3}
 16568 | Orc:1    | Entered Level 1 of the Orcish Mines
 17210 | Orc:1    | Found Pedib's General Store.
 17218 | Orc:1    | Bought a scroll of enchant armour for 97 gold pieces
 17508 | Orc:2    | Entered Level 2 of the Orcish Mines
 17526 | Orc:2    | Reached skill level 15 in Fighting
 17526 | Orc:2    | Reached skill level 15 in Shields
 17753 | Orc:1    | Paralysed by an orc sorcerer for 3 turns
 17756 | Orc:1    | HP: 7/88 [orc sorcerer/bolt of negative energy[an orc high
                  | priest] (41)]
 17756 | Orc:1    | Mangled by an ogre

Vanquished Creatures
  A dire elephant (Lair:5)
  Fannar (Lair:3)
  8 hydras
  An ice dragon (Lair:4)
  A catoblepas (Lair:5)
  6 boulder beetles
  2 two-headed ogres
  A deep troll shaman (Lair:5)
  8 death yaks
  Nergalle (Lair:3)
  A skyshark (Lair:2)
  A fire crab (Lair:4)
  2 necromancers (Orc:1)
  An orc knight (Orc:2)
  A lindwurm (Lair:2)
  2 cyclopes
  A salamander (Lair:2)
  A kobold blastminer (Orc:1)
  11 elephants
  4 black mambas
  17 cane toads
  3 torpor snails
  3 kobold demonologists
  2 rime drakes
  11 komodo dragons
  5 trolls
  A tyrant leech (Lair:2)
  7 polar bears
  10 blink frogs (Lair:5)
  Prince Ribbit (D:8)
  2 hornets
  A water elemental (D:11)
  2 wraiths
  44 yaks
  3 wyverns
  4 basilisks
  A warg (D:10)
  Menkaure (D:7)
  2 swamp worms (Lair:2)
  3 acid dragons
  14 water moccasins
  A sky beast (D:8)
  16 orc warriors
  9 ice beasts
  3 orc zombies (Orc:1)
  15 wolves
  4 black bears
  5 ogres
  3 centaurs
  2 phantoms (D:6)
  3 kobold brigands
  A cyclops zombie (Orc:1)
  A gnoll sergeant (D:10)
  11 bullfrogs
  4 scorpions
  A cyclops skeleton (Orc:1)
  10 killer bees (D:10)
  4 electric eels
  3 lava snakes (Lair:2)
  8 orc priests
  2 hounds
  3 iguanas
  11 orc wizards
  4 hell rats (Lair:1)
  2 ogre zombies (Orc:1)
  An ogre skeleton (Orc:1)
  9 gnolls
  6 adders
  2 shadow imps
  3 white imps
  2 ufetubi (D:5)
  2 worms
  A dart slug (D:3)
  55 orcs
  4 endoplasms
  3 giant cockroaches
  4 goblins
  10 hobgoblins
  3 jackals (D:3)
  15 kobolds
  2 quokkas
  5 ball pythons
  5 bats
  5 rats
455 creatures vanquished.

Vanquished Creatures (collateral kills)
  A catoblepas (Lair:5)
  An elephant (Lair:2)
  2 ogres
  A kobold brigand (D:6)
  A gnoll bouda (D:6)
  A goblin (D:3)
7 creatures vanquished.

Vanquished Creatures (others)
  A cane toad (Lair:2)
  An orc wizard (D:7)
  2 gnolls (D:10)
4 creatures vanquished.

Grand Total: 466 creatures vanquished

Table legend:
 A = Non-vault XP
 B = Vault XP
 C = Vault XP percentage of total XP
 D = Non-vault monster count
 E = Vault monster count
 F = Vault count percentage of total count
                 A         B        C        D         E       F
            +---------+---------+-------+---------+---------+-------
      Total |   55546 |   30771 |  35.6 |     352 |     110 |  23.8
            +---------+---------+-------+---------+---------+-------
        D:1 |      38 |       0 |   0.0 |      15 |       0 |   0.0
        D:2 |      39 |       0 |   0.0 |      17 |       0 |   0.0
        D:3 |      49 |       0 |   0.0 |      19 |       0 |   0.0
        D:4 |     145 |       0 |   0.0 |       8 |       0 |   0.0
        D:5 |     995 |       0 |   0.0 |      25 |       0 |   0.0
        D:6 |     860 |     339 |  28.3 |      16 |       3 |  15.8
        D:7 |     614 |     298 |  32.7 |      16 |       2 |  11.1
        D:8 |     776 |     264 |  25.4 |       8 |       1 |  11.1
        D:9 |    2009 |       0 |   0.0 |      16 |       0 |   0.0
       D:10 |    4455 |    1115 |  20.0 |      31 |      17 |  35.4
       D:11 |    5783 |    1132 |  16.4 |      17 |       6 |  26.1
     Lair:1 |    2777 |       0 |   0.0 |      12 |       0 |   0.0
     Lair:2 |    3332 |   13658 |  80.4 |      11 |      36 |  76.6
     Lair:3 |    5323 |    1683 |  24.0 |      20 |       2 |   9.1
     Lair:4 |    3798 |    2193 |  36.6 |      19 |      11 |  36.7
     Lair:5 |   20584 |    8196 |  28.5 |      62 |      17 |  21.5
      Orc:1 |    3062 |    1893 |  38.2 |      33 |      15 |  31.2
      Orc:2 |     907 |       0 |   0.0 |       7 |       0 |   0.0
            +---------+---------+-------+---------+---------+-------

Skill      XL: |  1  2  3  4  5  6  7  8  9 10 11 12 13 14 |
---------------+-------------------------------------------+-----
Fighting       | 2 3 4 6 7 10 12 13 15 | 15.0
Stealth        | 2 4 6 |  6.0
Short Blades   | 2 4 6 9 10 | 10.0
Dodging        | 3 4 8 9 10 | 10.0
Invocations    | 4 6 |  6.0
Shields        | 3 9 13 15 | 15.0
Armour         | |  2.1
Evocations     | |  3.0

Action                     |  1- 3 |  4- 6 |  7- 9 | 10-12 | 13-15 || total
---------------------------+-------+-------+-------+-------+-------++-------
  Melee: Dagger            |    74 |    79 |   299 |   538 |   887 ||  1877
         Peck              |    11 |    12 |    54 |   149 |   271 ||   497
         Kick              |    22 |    20 |   118 |   242 |   412 ||   814
         Punch             |       |       |     6 |    12 |     2 ||    20
  Throw: Dart              |       |     9 |       |    28 |       ||    37
         Throwing net      |       |     2 |       |       |       ||     2
 Invoke: Line Pass         |       |       |     1 |     3 |       ||     4
         Stomp             |       |       |       |       |     2 ||     2
  Evoke: Wand              |    11 |     1 |     4 |    13 |     5 ||    34
    Use: Scroll            |       |     7 |     5 |     8 |    11 ||    31
         Potion            |       |     1 |     2 |     2 |       ||     5
   Stab: Sleeping          |     4 |     2 |     4 |    10 |    14 ||    34
         Paralysed         |       |     1 |     7 |    27 |    65 ||   100
         Distracted        |       |       |     1 |     3 |     2 ||     6
         Betrayed ally     |       |       |     1 |       |     1 ||     2
 Armour: Leather armour    |    25 |    30 |    90 |     5 |   179 ||   329
         Troll leather arm |       |       |       |   148 |     7 ||   155
  Dodge: Dodged            |    41 |    39 |   159 |   416 |   387 ||  1042
  Block: Kite shield       |       |       |       |       |   435 ||   435

Illustrated notes

Table legend:
 A = Kills in this place as a percentage of kills in the entire game.
 B = Kills by you in this place as a percentage of kills by you in the entire game.
 C = Kills by friends in this place as a percentage of kills by friends in the entire game.
 D = Other kills in this place as a percentage of other kills in the entire game.
 E = Experience gained in this place as a percentage of experience gained in the entire game.
 F = Experience gained in this place divided by the number of levels of this place that you have seen.
                   A       B       C       D       E      F
               +-------+-------+-------+-------+-------+----------------------
         Total | 100.0 | 100.0 | 100.0 |   N/A | 100.0 | 4543.0
       Dungeon |  47.0 |  46.6 |  71.4 |   N/A |  21.9 | 1719.2
          Lair |  41.1 |  41.3 |  28.6 |   N/A |  71.3 | 12308.8
  Orcish Mines |  11.9 |  12.1 |   0.0 |   N/A |   6.8 | 2931.0
               +-------+-------+-------+-------+-------+----------------------

Table legend: (Time is in decaauts)
 A = Elapsed time spent in this place.
 B = Non-inter-level travel time spent in this place.
 C = Inter-level travel time spent in this place.
 D = Time resting spent in this place.
 E = Time spent auto-exploring this place.
 F = Levels seen in this place.
 G = Mean time per level.
                   A        B        C        D        E       F      G
               +--------+--------+--------+--------+--------+-----+--------+
         Total |  17025 |  16017 |   1008 |   1787 |  11069 |  19 |  896.1 |
       Dungeon |  10344 |   9600 |    744 |    817 |   7140 |  11 |  940.4 |
        Temple |     49 |     28 |     21 |      0 |      0 |   1 |   49.0 |
          Lair |   5537 |   5306 |    231 |    743 |   3328 |   5 | 1107.4 |
  Orcish Mines |   1094 |   1082 |     12 |    227 |    601 |   2 |  547.0 |
               +--------+--------+--------+--------+--------+-----+--------+

Top non-repeatable levels by time:
  Lair:2: 1668 daAuts
     D:7: 1364 daAuts
  Lair:5: 1244 daAuts
     D:9: 1160 daAuts
     D:5: 1122 daAuts
     D:6: 1109 daAuts
  Lair:3: 1069 daAuts
   Orc:1: 1066 daAuts
    D:10: 989 daAuts
     D:4: 966 daAuts
  Lair:1: 883 daAuts
     D:3: 843 daAuts
    D:11: 765 daAuts
     D:8: 713 daAuts
     D:2: 685 daAuts
